 Dungeon Crawl Stone Soup version 0.25.0-10-g039870ee82 (webtiles) character file.

Game seed: 8182328599430238488

25 Matador8 the Charmwright (level 3, 0/32 HPs)
             Began as a Naga Skald on June 22, 2020.
             Slain by a kobold
             ... wielding a +0 whip
              (5 damage)
             ... on level 1 of the Dungeon.
             The game lasted 00:05:18 (944 turns).

Matador8 the Charmwright (Naga Skald)                Turns: 944, Time: 00:05:19

Health: 0/32       AC:  2    Str: 13    XL:     3   Next: 6%
Magic:  0/6        EV:  9    Int: 14    God:
Gold:   80         SH:  0    Dex: 10    Spells: 5/6 levels left

rFire    . . .     SeeInvis +   a - +0 spear
rCold    . . .     Gourm    .   (no shield)
rNeg     . . .     Faith    .   b - +0 leather armour
rPois    +         Spirit   .   (no helmet)
rElec    .         Reflect  .   (no cloak)
rCorr    .         Harm     .   (no gloves)
MR       .....                  (no barding)
Stlth    ++........             (no amulet)
HPRegen  0.10/turn              (no ring)
MPRegen  0.10/turn              (no ring)

@: infused, very slow
A: large, see invisible, deformed body, poison resistance, slowness 2, slow
metabolism 1, spit poison 1, AC +1
a: Spit Poison


You were on level 1 of the Dungeon.
You were not hungry.

You visited 1 branch of the dungeon, and saw 2 of its levels.

You collected 80 gold pieces.

Inventory:

Hand Weapons
 a - a +0 spear (weapon)
Armour
 b - a +0 leather armour (worn)
 c - a +0 ring mail
 j - a +0 chain mail
Jewellery
 n - an uncursed amulet of guardian spirit {unknown}
Wands
 f - a wand of iceblast (7)
 g - a wand of digging (4)
Scrolls
 e - a scroll of blinking {unknown}
 h - a scroll of immolation {unknown}
 l - a scroll of enchant armour {unknown}
Potions
 k - a potion of heal wounds {unknown}
 m - a potion of might {unknown}
Comestibles
 d - 2 rations
 i - a chunk of flesh


   Skills:
 - Level 2.0 Fighting
 + Level 2.5 Polearms
 - Level 0.7 Armour
 - Level 1.5 Dodging
 + Level 2.2 Stealth
 - Level 2.0 Spellcasting
 + Level 3.4 Charms


You had 5 spell levels left.
You knew the following spells:

 Your Spells              Type           Power        Failure   Level  Hunger
a - Infusion              Chrm           ##..         8%          1    ##.....

Your spell library contained the following spells:

 Spells                   Type           Power        Failure   Level  Hunger
 Song of Slaying          Chrm           ##......     11%         2    ###....
 Shroud of Golubria       Chrm/Tloc      #.....       22%         2    ###....
 Ozocubu's Armour         Chrm/Ice       #.......     41%         3    ####...
 Spectral Weapon          Hex/Chrm       #.......     41%         3    ####...


Dungeon Overview and Level Annotations

Branches:
Dungeon (2/15)

Altars:


Innate Abilities, Weirdness & Mutations

You cannot wear boots.
Your serpentine skin is tough. (AC +1)
You have supernaturally acute eyesight. (SInv)
Armour fits poorly on your strangely shaped body.
Your system is resistant to poisons. (rPois)
You cover ground very slowly.
You have a slow metabolism.
You can spit poison.


Message History

You are a level 3 Naga Skald.
You are 6% of the way to level 4.
Play time: 00:05:06 (941 turns) Evoke which item? (* to show all) (? for menu, Esc to quit)
Aiming: Iceblast
Press: ? - help, Shift-Dir - straight line, f - kobold
Aim: a kobold, wielding a +0 whip
Okay, then.
Unknown command.
Casting: Infusion (safe; 8% risk of failure)
Confirm with . or Enter, or press ? or * to list all spells.
You begin infusing your attacks with magical energy.
The kobold hits you with a +0 whip.
* * * LOW HITPOINT WARNING * * *
The kobold hits you with a +0 whip.
* * * LOW HITPOINT WARNING * * *
You barely miss the kobold. The kobold closely misses you.
You hit the kobold.
The kobold is moderately wounded.
The kobold hits you with a +0 whip.
You die...

.##....≈≈≈.....#..........#
.##...≈...≈....#.#...####.#
#....≈.<.≈....#.....####.#
#....≈...≈....#..........#
#.....≈≈≈.....#..#..######
#.............#........#
#.#..........##.###.#### #
#...........#.....>#
#.#.......#≈#@######
###.....#####K#
###.#######.# #..........
######..... ..... .....
.......


You could see a kobold.

Vanquished Creatures
  A leopard gecko (D:1)
  2 giant cockroaches
  A hobgoblin (D:1)
  4 jackals (D:1)
  2 kobolds
  2 bats (D:1)
  3 frilled lizards (D:1)
  4 goblins
  3 rats (D:1)
22 creatures vanquished.

Notes
Turn   | Place    | Note
-------+----------+-------------------------------------------
     0 | D:1      | Matador8 the Naga Skald began the quest for the Orb.
     0 | D:1      | Reached XP level 1. HP: 19/19 MP: 3/3
    14 | D:1      | You fall into a shaft and drop 1 floor!
   142 | D:2      | Reached skill level 1 in Stealth
   429 | D:1      | Reached XP level 2. HP: 22/26 MP: 0/5
   929 | D:1      | Reached XP level 3. HP: 21/32 MP: 1/6
   944 | D:1      | Slain by a kobold

Illustrated notes

Levels and vault maps discovered:
D:1:      enne_arrival_octagon_isle, layout_basic, hex_tiny
D:2:      layout_basic, minmay_tree_intersection, st_stairs_14

Skill      XL: |  1  2 |
---------------+-------+-----
Stealth        | 1 2 |  2.2
Fighting       | |  2.0
Polearms       | |  2.5
Armour         | |  0.7
Dodging        | |  1.5
Spellcasting   | |  2.0
Charms         | |  3.4

Action                   || total
-------------------------++-------
Melee: Spear             ||    78
 Cast: Infusion          ||    12
Armor: Leather armour    ||    12
Dodge: Dodged            ||    33
